Frizzbo, neutral female gnomish Wizard ##################### ----# ---------- ..|# #+........| ..|# ###|........| ..|# ###.........| ..|# ### |.....<..| .|# # |........| .|###### .........| .| # ---------- -.|### |.|# |.|# - -----G|# +......Y|# |..h....-# -....G@.| ...........| ------------- Frizzbo the Conjurer Experience level: 4 Strength: 8 Dexterity: 10 Constitution: 11 Intelligence: 20 Wisdom: 17 Charisma: 11 Health: 0(26) Energy: 37(42) Def: 1 Gold: 41 Moves: 1829 Dungeon seed: 9ciwf0WPAVm4tT7F Game ID: Frizzbo_1467127826 Your Inventory: Coins $ - 41 gold pieces Amulets B - a cursed amulet of change Weapons a - a blessed +1 quarterstaff (alternate weapon; not wielded) f - an uncursed +2 aklys (weapon in hand) Armor e - a blessed +0 cloak of magic resistance (being worn) Comestibles j - an uncursed egg o - 2 uncursed food rations t - an uncursed tripe ration C - an uncursed kitten corpse named Taco Scrolls x - an uncursed scroll of teleportation Spellbooks b - a blessed spellbook of force bolt c - an uncursed spellbook of sleep h - an uncursed spellbook of invisibility m - an uncursed spellbook of confuse monster Potions l - an uncursed potion of sleeping p - 2 uncursed potions of paralysis r - an uncursed potion of water Rings i - an uncursed ring of polymorph control v - a cursed ring of hunger Wands d - an uncursed wand of nothing (0:5) Tools g - an uncursed blindfold u - an uncursed tallow candle (0:200) w - an uncursed tin whistle Gems n - an uncursed worthless piece of black glass q - 2 uncursed worthless pieces of blue glass y - an uncursed worthless piece of yellow glass z - 2 uncursed worthless pieces of orange glass N - an uncursed worthless piece of red glass Y - 2 uncursed jasper stones Spells and supernatural/magical abilities: Name Level Category Fail Memory a - force bolt 1 attack 0% 91% i - invisibility 4 escape 94% 92% u - confuse monster 2 enchantment 0% 96% z - sleep 1 enchantment 0% 91% W - pray for help -- divine ? -- Your skills at the end: Miscellaneous Skills wands [Basic] Weapon Skills club [Basic] quarterstaff [Basic] crossbow [Basic] Spellcasting Skills attack spells [Basic] enchantment spells [Basic] Final Attributes: You were devoutly aligned. You were magic-protected. You were telepathic. You had infravision. You are dead. Vanquished creatures: an ape 2 floating eyes a kitten an iguana 2 orc zombies 2 hobbits an acid blob a large kobold 2 geckos a yellow mold 2 green molds 3 gnomes a gnome zombie 3 jackals 2 foxes 2 kobolds 2 newts 2 goblins 3 grid bugs a bat 5 lichens 2 kobold zombies 42 creatures vanquished. Voluntary challenges: You did not adorn yourself with jewelry or accessories. You were an atheist. You used a wielded weapon 30 times, starting on turn 2. You did not use containers. You did not apply a unicorn horn. You read items or engraved 19 times, starting on turn 169. You never genocided any monsters. You never polymorphed an object. You never changed form. You used no wishes. You never split a pudding. You never wrote Elbereth's name. You never violated your personal moral code. Dungeon overview: The Dungeons of Doom: levels 1 to 2 Level 1 a long staircase Level 2 stairs to The Gnomish Mines The Gnomish Mines: levels 3 to 5 Level 3 stairs to The Dungeons of Doom Level 4 Level 5 <- You were here a fountain History has recorded: On T:1 you entered the Dungeons of Doom to retrieve the Amulet of Yendor! On T:549 you advanced to experience level 2. On T:574 you reached level 2 of The Dungeons of Doom. On T:885 you reached level 1 of The Gnomish Mines. On T:889 you advanced to experience level 3. On T:1295 you reached level 2 of The Gnomish Mines. On T:1382 you advanced to experience level 4. On T:1636 you reached level 3 of The Gnomish Mines. Score breakdown: Gold: 41 ( 4 points) Experience: 4 levels ( 300 points) Exploration: 5 levels ( 120 points) Discoveries: 3 items ( 150 points) Variety of kills: 22 monsters ( 1100 points) Major goal: (nothing yet) ( 0 points) Survival: died (score multiplied by 3) Total score: 5022 Latest messages: You feel sad for a moment. The spell hits the ape! You kill the ape! You see here an ape corpse. This ape corpse tastes terrible! The dungeon acoustics noticeably change. You finish eating the ape corpse. You see here a kitten corpse named Taco. You have a little trouble lifting C - a kitten corpse named Taco. Your movements are slowed slightly because of your load. The dungeon acoustics noticeably change. You hear a crunching sound. "The food's not fit for Orcs!" The ape claws you! (2x) The ape bites! The ape claws you! (2x) The ape bites! The spell hits the ape. The ape claws you! (2x) The ape bites! You die... Final status: Goodbye Frizzbo the Wizard, killed by an ape... You died in The Gnomish Mines on dungeon level 5 with 5022 points, and 41 pieces of gold, after 1829 moves. You were level 4 with a maximum of 26 hit points when you died.